[Event "Titled Tuesday Blitz June 13 Late 2023"]
[White "Vlassov, Nikolai"]
[Black "Rottenwohrer Suarez, Juan"]
[WhiteFideId "4103360"]
[BlackFideId "32068182"]
[WhiteElo "2324"]
[BlackElo "2174"]
[Result "1-0"]
[Round "8"]
[TimeControl "180+2"]
[Date "2023.06.13"]
[WhiteClock "0:00:28"]
[BlackClock "0:00:00"]
[Board "56"]

1. e4 c5 2. c3 g6 3. d4 d5 4. dxc5 dxe4 5. Qxd8+ Kxd8 6. Na3 Nd7 7. Be3 e6 8. O-O-O Nf6 9. Nh3 Nd5 10. Bd4 Bh6+ 11. Kb1 Re8 12. Bc4 a6 13. Rhe1 f5 14. f3 e3 15. g3 Kc7 16. f4 N5f6 17. Rxe3 Ne4 18. Re2 Ndxc5 19. Be5+ Kc6 20. Nc2 b5 21. Bb3 Bb7 22. Nd4+ Kb6 23. Bc2 Bd5 24. Nf2 Nxf2 25. Rxf2 Rac8 26. Re2 Red8 27. Rde1 Bf8 28. Bf6 Rd7 29. b4 Ne4 30. Bxe4 Bxe4+ 31. Kb2 a5 32. bxa5+ Kxa5 33. Nxe6 b4 34. Nxf8 bxc3+ 35. Bxc3+ 1-0


[Site "https://www.chess.com"]

[Event "Titled Tuesday Blitz June 13 Late 2023"]
[White "Fiorito, Joaquin"]
[Black "Wizard_of_Odds"]
[WhiteFideId "180173"]
[WhiteElo "2199"]
[BlackElo "2489"]
[Result "1-0"]
[Round "8"]
[TimeControl "180+2"]
[Date "2023.06.13"]
[WhiteClock "0:02:04"]
[BlackClock "0:01:03"]
[Board "57"]

1. d4 e6 2. c4 b6 3. Nc3 Bb7 4. e4 Bb4 5. Bd3 f5 6. Qe2 Nf6 7. d5 fxe4 8. Bxe4 Nxe4 9. Qxe4 O-O 10. Be3 exd5 11. cxd5 Re8 12. Qxb4 Na6 13. Qc4 Kh8 14. Nge2 Qe7 15. O-O d6 16. b4 Qf7 17. Nd4 Rad8 18. Nc6 Rd7 19. b5 Nc5 20. Bxc5 dxc5 21. Rfe1 Rf8 22. f3 a6 23. Ne5 1-0


[Site "https://www.chess.com"]

[Event "Titled Tuesday Blitz June 13 Late 2023"]
[White "Chernobay, Artem"]
[Black "Yurasova, Daria"]
[WhiteFideId "4167406"]
[BlackFideId "34146919"]
[WhiteElo "2474"]
[BlackElo "2109"]
[Result "1-0"]
[Round "8"]
[TimeControl "180+2"]
[Date "2023.06.13"]
[WhiteClock "0:00:06"]
[BlackClock "0:00:01"]
[Board "58"]

1. d4 d5 2. c4 dxc4 3. e4 Nf6 4. e5 Nd5 5. Bxc4 Bf5 6. Ne2 e6 7. O-O Nc6 8. Nbc3 Nb6 9. Bb3 Qe7 10. Be3 O-O-O 11. Qc1 h6 12. Ng3 Bh7 13. Rd1 Nb4 14. Nce4 N4d5 15. Nc5 Qe8 16. Bd2 g5 17. a4 Nd7 18. Nce4 f5 19. exf6 N7xf6 20. Re1 Bg7 21. Nc5 Rd6 22. a5 a6 23. Bc4 h5 24. Bxg5 Bg6 25. h4 Rf8 26. Qd2 Ng4 27. f3 Ngf6 28. Rad1 Nd7 29. Nxe6 Rxe6 30. Bxd5 Bxd4+ 31. Kh1 Re5 32. f4 Re3 33. f5 Bh7 34. Bxe3 Bxe3 35. Qxe3 Qxe3 36. Rxe3 Nf6 37. Be6+ Kb8 38. Ne4 Ng4 39. Re2 Bxf5 40. Bxf5 Rxf5 41. Kg1 Rxa5 42. Ng3 Rb5 43. Red2 a5 44. Rf1 Ne3 45. Rf3 Nc4 46. Rd8+ Ka7 47. b3 Ne5 48. Rf5 b6 49. Re8 Rxb3 50. Rexe5 Rxg3 51. Rxh5 a4 52. Re4 a3 53. Rg5 Rd3 54. Kh2 c5 55. h5 Ka6 56. h6 Kb5 57. h7 Rd8 58. Rg8 a2 59. Re1 Rxg8 60. hxg8=Q a1=Q 61. Rxa1 1-0


[Site "https://www.chess.com"]

[Event "Titled Tuesday Blitz June 13 Late 2023"]
[White "Schnaider, Ilan"]
[Black "Dudzinski, Pawel"]
[WhiteFideId "169013"]
[BlackFideId "1117890"]
[WhiteElo "2224"]
[BlackElo "2099"]
[Result "1-0"]
[Round "8"]
[TimeControl "180+2"]
[Date "2023.06.13"]
[WhiteClock "0:00:02"]
[BlackClock "0:00:01"]
[Board "59"]

1. e4 c6 2. Nf3 d5 3. Nc3 dxe4 4. Nxe4 Nf6 5. Qe2 Nxe4 6. Qxe4 Qa5 7. Bc4 Bf5 8. Qf4 e6 9. O-O Be7 10. Qg3 O-O 11. d4 Bxc2 12. Ne5 Bf6 13. Bf4 Qd8 14. Rac1 Bg6 15. Rfd1 Nd7 16. Ng4 Nb6 17. Bc7 Qd7 18. h4 Kh8 19. Nxf6 gxf6 20. Bf4 Nxc4 21. Rxc4 Rg8 22. Re1 Bh5 23. Qh3 Rg4 24. Be3 Rag8 25. g3 Re4 26. Rc5 f5 27. Kh2 Bf3 28. Rc3 Rgg4 29. Rg1 Qd6 30. Bg5 Kg7 31. Rxf3 h6 32. Bf4 Qxd4 33. Be3 Qd5 34. Rf4 Rexf4 35. gxf4 h5 36. f3 Rg6 37. Rg5 Qxa2 38. Bd4+ Kh7 39. Rxh5+ Kg8 40. Rh8# 1-0


[Site "https://www.chess.com"]

[Event "Titled Tuesday Blitz June 13 Late 2023"]
[White "ATM622"]
[Black "Uzcategui Rodriguez, Alejandro"]
[BlackFideId "3903400"]
[WhiteElo "2604"]
[BlackElo "2252"]
[Result "0-1"]
[Round "8"]
[TimeControl "180+2"]
[Date "2023.06.13"]
[WhiteClock "0:00:10"]
[BlackClock "0:00:23"]
[Board "60"]

1. d4 d6 2. c4 Nf6 3. g3 e5 4. dxe5 dxe5 5. Qxd8+ Kxd8 6. Nc3 c6 7. Bg2 Kc7 8. Nf3 Bd6 9. c5 Bxc5 10. Nxe5 Be6 11. Bg5 Nbd7 12. Nxd7 Nxd7 13. Bf4+ Bd6 14. Bxd6+ Kxd6 15. O-O-O+ Ke7 16. f4 Rhd8 17. e4 Nc5 18. f5 Bc4 19. Kc2 Bd3+ 20. Kc1 Ba6 21. Kc2 f6 22. b4 Nd3 23. b5 cxb5 24. Nd5+ Rxd5 25. exd5 Ne5 26. Kb1 Kd6 27. Rhe1 Rc8 28. Rc1 Rc4 29. Rxc4 bxc4 30. Kc2 b5 31. a3 Bb7 32. Rb1 Kc5 33. Kc3 a5 34. Bh1 Nd3 35. d6 b4+ 36. axb4+ axb4+ 37. Kd2 Kxd6 38. Bxb7 Kc5 39. Ba6 Ne5 40. h3 Nf3+ 41. Ke3 Nd4 42. Rc1 c3 43. g4 Nc6 44. Kd3 Ne5+ 45. Kc2 Nf3 46. Be2 Nd4+ 47. Kd3 Nb3 48. Rd1 Nd4 49. Rc1 Nb3 50. Rb1 Nd4 51. Ra1 Nc6 52. Ra8 Ne5+ 53. Kc2 Kd4 54. Rd8+ Ke3 55. Bb5 Nf3 56. Rg8 Nd4+ 57. Kc1 Nxb5 58. Rb8 Nd4 59. Rxb4 Kd3 60. Rb8 Ne2+ 61. Kb1 c2+ 62. Ka2 c1=Q 63. Rd8+ Ke3 64. Re8+ Kf3 65. Rb8 Qc4+ 66. Kb2 Nd4 67. Ka3 Qc3+ 68. Ka4 Qc6+ 69. Ka3 Qd6+ 70. Kb2 0-1


[Site "https://www.chess.com"]

[Event "Titled Tuesday Blitz June 13 Late 2023"]
[White "Moral Garcia, Serafin"]
[Black "marik_spb"]
[WhiteFideId "2201925"]
[WhiteElo "2274"]
[BlackElo "2486"]
[Result "1-0"]
[Round "8"]
[TimeControl "180+2"]
[Date "2023.06.13"]
[WhiteClock "0:00:17"]
[BlackClock "0:00:02"]
[Board "61"]

1. e4 c6 2. d4 d5 3. exd5 cxd5 4. c4 e6 5. Nc3 Bb4 6. Nf3 Nc6 7. a3 Bxc3+ 8. bxc3 Nf6 9. Bd3 O-O 10. O-O Re8 11. Bg5 h5 12. Ne5 Bd7 13. Nxd7 Qxd7 14. Bxf6 gxf6 15. Qxh5 dxc4 16. Bxc4 Kf8 17. Rfe1 Rac8 18. Re3 Nxd4 19. Bf1 Nf5 20. Rf3 Ke7 21. Re1 Nd6 22. Qh4 Rg8 23. Qxf6+ Ke8 24. Rfe3 Qd8 25. Rxe6+ fxe6 26. Rxe6+ Kd7 27. Rxd6+ Kc7 28. Rxd8 Rcxd8 29. g3 Rd7 30. Bb5 Rd1+ 31. Kg2 Rgd8 32. h4 a6 33. Be2 R8d6 34. Qf7+ Rd7 35. Qf4+ R1d6 36. h5 Kb6 37. g4 Rd2 38. Bf3 R2d3 39. c4 R7d4 40. Qf6+ Ka7 41. h6 Rxc4 42. h7 Rcc3 43. h8=Q Rxa3 44. Qc8 Rxf3 45. Qxf3 Rxf3 46. Kxf3 1-0


[Site "https://www.chess.com"]

[Event "Titled Tuesday Blitz June 13 Late 2023"]
[White "Sztokbant, Bernardo Vainzoff"]
[Black "Korkmaz, Necmettin"]
[WhiteFideId "2115956"]
[BlackFideId "6303285"]
[WhiteElo "2222"]
[BlackElo "2097"]
[Result "1-0"]
[Round "8"]
[TimeControl "180+2"]
[Date "2023.06.13"]
[WhiteClock "0:00:19"]
[BlackClock "0:01:02"]
[Board "62"]

1. e4 e6 2. d4 d5 3. Nc3 Nf6 4. e5 Nfd7 5. f4 c5 6. Nf3 Nc6 7. Be3 Qb6 8. Qd2 Qxb2 9. Rb1 Qa3 10. Bb5 c4 11. Ne2 Be7 12. O-O O-O 13. f5 exf5 14. Nf4 Nb6 15. Bxc6 bxc6 16. Nh5 Be6 17. Bh6 g6 18. Bxf8 Bxf8 19. Nf6+ Kh8 20. Ng5 h6 21. Rf3 Qxa2 22. Rbf1 Bg7 23. Rh3 c3 24. Nxf7+ Bxf7 25. Rxh6+ Bxh6 26. Qxh6# 1-0


[Site "https://www.chess.com"]

[Event "Titled Tuesday Blitz June 13 Late 2023"]
[White "Feng, Eric"]
[Black "Karas, Marek"]
[WhiteFideId "30952590"]
[BlackFideId "14928558"]
[WhiteElo "1785"]
[BlackElo "2229"]
[Result "1-0"]
[Round "8"]
[TimeControl "180+2"]
[Date "2023.06.13"]
[WhiteClock "0:02:00"]
[BlackClock "0:00:00"]
[Board "63"]

1. d4 c6 2. c4 Na6 3. Nf3 g6 4. g3 Bg7 5. Bg2 d6 6. O-O Nf6 7. Nc3 O-O 8. e4 Bg4 9. h3 Bxf3 10. Bxf3 Nd7 11. Be3 e5 12. d5 c5 13. a3 f5 14. Qd2 f4 15. gxf4 exf4 16. Bxf4 Qf6 17. Ne2 g5 18. Bg4 gxf4 19. Bxd7 Qxb2 20. Qxb2 Bxb2 21. Rab1 Bxa3 22. Rxb7 Nb4 23. Rb1 a5 24. Rb3 Nc2 25. Rc3 Nd4 26. Nxd4 Bb4 27. Nb5 Bxc3 28. Nxc3 Rfb8 29. Rxb8+ Rxb8 30. Bb5 Kg7 31. e5 dxe5 32. Ne4 Ra8 33. Nxc5 e4 34. d6 Kf6 35. d7 e3 36. fxe3 fxe3 37. Nb7 a4 38. Bxa4 e2 39. Kf2 1-0


[Site "https://www.chess.com"]

[Event "Titled Tuesday Blitz June 13 Late 2023"]
[White "MaryanKyrychenko"]
[Black "Papayan, Oleg"]
[BlackFideId "4193911"]
[WhiteElo "2576"]
[BlackElo "2167"]
[Result "1-0"]
[Round "8"]
[TimeControl "180+2"]
[Date "2023.06.13"]
[WhiteClock "0:00:15"]
[BlackClock "0:00:00"]
[Board "64"]

1. e4 e5 2. Nf3 Nc6 3. d4 exd4 4. Nxd4 Qh4 5. Nc3 Bb4 6. Be2 Qxe4 7. Nb5 Bxc3+ 8. bxc3 Kd8 9. O-O Nf6 10. Bf3 Qc4 11. a4 a6 12. Nd4 Qxc3 13. Bxc6 Qxa1 14. Re1 d6 15. Qe2 Bd7 16. Bxb7 Re8 17. Be3 Qxd4 18. Bxa8 Qxa4 19. Rb1 Bb5 20. c4 Qxc4 21. Qf3 Qd3 22. Rc1 Ne4 23. h3 Nc3 24. Kh2 Ne2 25. Rxc7 1-0


[Site "https://www.chess.com"]

[Event "Titled Tuesday Blitz June 13 Late 2023"]
[White "TimGrutter03"]
[Black "Yolosz"]
[WhiteElo "2575"]
[BlackElo "2456"]
[Result "1-0"]
[Round "8"]
[TimeControl "180+2"]
[Date "2023.06.13"]
[WhiteClock "0:00:37"]
[BlackClock "0:00:00"]
[Board "65"]

1. d4 Nf6 2. Nc3 d5 3. Bf4 c6 4. e3 Bf5 5. f3 Bg6 6. g4 e6 7. Bd3 Bd6 8. Nge2 Bxd3 9. Qxd3 Bxf4 10. exf4 Nbd7 11. O-O-O Qc7 12. Rhe1 O-O-O 13. Kb1 Ne8 14. Qe3 Nd6 15. b3 c5 16. dxc5 Qxc5 17. Nd4 h5 18. Na4 Qc7 19. Rd3 hxg4 20. Rc3 Nc4 21. bxc4 dxc4 22. fxg4 Nb6 23. Nb5 Nd5 24. Nxc7 Nxe3 25. Rexe3 Kxc7 26. Rxc4+ Kb8 27. h3 Rd5 28. Nc3 Rd2 29. Ne4 Rd5 30. Ng5 Rhd8 31. Nxf7 Rd1+ 32. Kb2 R8d5 33. Re5 1-0


[Site "https://www.chess.com"]

[Event "Titled Tuesday Blitz June 13 Late 2023"]
[White "Kabilov, Amin"]
[Black "Vovk, Orest"]
[WhiteFideId "14700859"]
[BlackFideId "14113490"]
[WhiteElo "2110"]
[BlackElo "2215"]
[Result "0-1"]
[Round "8"]
[TimeControl "180+2"]
[Date "2023.06.13"]
[WhiteClock "0:00:51"]
[BlackClock "0:02:17"]
[Board "66"]

1. d4 h6 2. e4 g5 3. h4 g4 4. Qxg4 d5 5. Qf3 dxe4 6. Qxe4 Nf6 7. Qd3 Nc6 8. c3 Qd5 9. Nf3 Bg4 10. Be2 O-O-O 11. Qc2 e5 12. dxe5 Nxe5 13. Nxe5 Qxe5 14. Be3 Bc5 15. Qc1 Bxe2 16. Kxe2 Qh5+ 17. Ke1 Bxe3 18. fxe3 Ne4 0-1


[Site "https://www.chess.com"]

[Event "Titled Tuesday Blitz June 13 Late 2023"]
[White "Nikologorsky, Matfei"]
[Black "Gimenez Aguirre, Alejo Ismael"]
[WhiteFideId "24102474"]
[BlackFideId "32041667"]
[WhiteElo "2153"]
[BlackElo "2165"]
[Result "0-1"]
[Round "8"]
[TimeControl "180+2"]
[Date "2023.06.13"]
[WhiteClock "0:00:07"]
[BlackClock "0:01:20"]
[Board "67"]

1. e4 c5 2. Nf3 g6 3. d4 cxd4 4. Nxd4 Bg7 5. Nc3 Nc6 6. Be3 Nf6 7. Nxc6 bxc6 8. e5 Ng8 9. Bd4 Nh6 10. e6 O-O 11. Bxg7 Kxg7 12. Qd4+ f6 13. exd7 Qxd7 14. Qxd7 Bxd7 15. O-O-O Bf5 16. f3 Rfd8 17. Ba6 Rab8 18. Na4 Nf7 19. Nc5 h5 20. Nb7 Rd5 21. c4 Re5 22. Rhe1 Bc8 23. Rxe5 Nxe5 24. Rd8 Bxb7 25. Rxb8 Bxa6 26. b3 h4 27. Ra8 Kf7 28. Rxa7 Bc8 29. Ra8 Bf5 30. Rh8 h3 31. g4 Be6 32. Rxh3 Kg7 33. Rg3 g5 34. a4 c5 35. Kd2 Bd7 36. a5 Bc8 37. Ke3 Bb7 38. f4 gxf4+ 39. Kxf4 Nc6 40. Re3 e5+ 41. Kg3 Nxa5 42. Rd3 Kf7 43. h4 Be4 44. Re3 Bc2 45. g5 Bxb3 46. Rf3 Nxc4 47. Rxf6+ Ke7 48. Rc6 Nd6 49. g6 Bd5 50. Rc7+ Kf6 51. h5 c4 52. Kg4 Be6+ 53. Kf3 Nf5 54. Rc6 Nd4+ 55. Ke4 Nxc6 0-1


[Site "https://www.chess.com"]

[Event "Titled Tuesday Blitz June 13 Late 2023"]
[White "ElDivis"]
[Black "Ansh M Shah"]
[BlackFideId "25033379"]
[WhiteElo "2555"]
[BlackElo "2084"]
[Result "0-1"]
[Round "8"]
[TimeControl "180+2"]
[Date "2023.06.13"]
[WhiteClock "0:00:00"]
[BlackClock "0:00:11"]
[Board "68"]

1. e4 c6 2. d4 d5 3. e5 Bf5 4. Nc3 e6 5. g4 Bg6 6. Nge2 c5 7. h4 h5 8. Nf4 Bh7 9. Nxh5 Nc6 10. dxc5 Bxc5 11. Nxg7+ Kf8 12. Nh5 Nxe5 13. Bf4 Nc6 14. Qd2 Bg6 15. O-O-O Bxh5 16. gxh5 Nf6 17. Bh6+ Ke8 18. Bg5 Be7 19. h6 Nh7 20. f4 f6 21. Be2 fxg5 22. Bh5+ Kd7 23. Nxd5 exd5 24. Qxd5+ Kc7 25. Qe6 Qc8 26. Qf7 Qf8 27. Qe6 Qxf4+ 28. Kb1 Rad8 29. Rdf1 Qe5 30. Qc4 Nf6 31. Bf3 Rxh6 32. Bxc6 bxc6 33. Qa6 Qc5 34. hxg5 Rxh1 35. Rxh1 Nd5 36. a3 Bxg5 37. Rh7+ Rd7 38. Rh3 Qb6 39. Qc4 Bf6 40. Rb3 Qg1+ 41. Ka2 Qd4 42. Qa6 Kd8 43. Qa5+ Ke7 44. Qe1+ Kd6 45. Qg3+ Be5 46. Qg6+ Kc7 47. Qg8 Rd8 48. Qf7+ Rd7 49. Qg8 Nb6 50. c3 Qc4 51. Qg5 Rd5 52. Qe7+ Nd7 53. Qe8 Nc5 0-1


[Site "https://www.chess.com"]

[Event "Titled Tuesday Blitz June 13 Late 2023"]
[White "Rodriguez, Santiago"]
[Black "MKlose11"]
[WhiteFideId "3000591"]
[WhiteElo "2249"]
[BlackElo "2552"]
[Result "1-0"]
[Round "8"]
[TimeControl "180+2"]
[Date "2023.06.13"]
[WhiteClock "0:00:13"]
[BlackClock "0:00:19"]
[Board "69"]

1. d4 Nf6 2. Bg5 c5 3. d5 e6 4. Nc3 Qb6 5. e4 h6 6. Bxf6 gxf6 7. Bc4 Qxb2 8. Nge2 a6 9. a4 Qb4 10. Qd3 Qa5 11. O-O d6 12. dxe6 fxe6 13. e5 Qc7 14. exf6 Nc6 15. Nf4 Ne5 16. Qe2 Qf7 17. Ne4 Nxc4 18. Qxc4 d5 19. Qe2 dxe4 20. Qxe4 Bd6 21. Nd5 O-O 22. Nb6 Rb8 23. Rad1 Bc7 24. Qg4+ Kh8 25. Nc4 Qxf6 26. Rd3 e5 27. Qh5 e4 28. Rh3 Bxh3 29. Qxh3 Rbe8 30. Ne3 Rg8 31. Nd5 Qe5 32. Qxh6# 1-0


[Site "https://www.chess.com"]

[Event "Titled Tuesday Blitz June 13 Late 2023"]
[White "Jaskolka, Tomasz"]
[Black "Bueno, Alfeu Junior Varela"]
[WhiteFideId "1170791"]
[BlackFideId "2108879"]
[WhiteElo "2155"]
[BlackElo "2175"]
[Result "1-0"]
[Round "8"]
[TimeControl "180+2"]
[Date "2023.06.13"]
[WhiteClock "0:00:13"]
[BlackClock "0:00:00"]
[Board "70"]

1. d4 e6 2. Bf4 f5 3. Nc3 Bb4 4. e3 Bxc3+ 5. bxc3 Nf6 6. Bd3 b6 7. Qf3 Nc6 8. Ne2 Bb7 9. Qh3 O-O 10. O-O Ne7 11. c4 Ng6 12. Bg3 Ne4 13. Nf4 Nxg3 14. hxg3 Nxf4 15. gxf4 Rf6 16. f3 Rh6 17. Qg3 Rg6 18. Qh3 Rh6 19. Qg3 Rg6 20. Qf2 Qf6 21. e4 Rf8 22. d5 Rh6 23. Rfe1 Rh4 24. g3 Rh6 25. Kg2 Rg6 26. e5 Qe7 27. Rh1 Qa3 28. Qd4 Qa5 29. dxe6 dxe6 30. Rad1 Qxa2 31. Qd7 Bc8 32. Qxc7 Qa5 33. Qd6 Qc3 34. g4 1-0


[Site "https://www.chess.com"]

[Event "Titled Tuesday Blitz June 13 Late 2023"]
[White "Tokhirjonova, Gulrukhbegim"]
[Black "Elaisaz"]
[WhiteFideId "14203626"]
[WhiteElo "2265"]
[BlackElo "2289"]
[Result "0-1"]
[Round "8"]
[TimeControl "180+2"]
[Date "2023.06.13"]
[WhiteClock "0:00:13"]
[BlackClock "0:00:01"]
[Board "71"]

1. e4 c5 2. Nf3 Nc6 3. Bc4 e6 4. Nc3 a6 5. a4 d6 6. d4 cxd4 7. Nxd4 Nf6 8. O-O Be7 9. Be3 O-O 10. f4 Bd7 11. Kh1 e5 12. Nxc6 Bxc6 13. fxe5 dxe5 14. Qf3 Rc8 15. Rad1 Qc7 16. b3 b5 17. axb5 axb5 18. Nxb5 Bxb5 19. Bxb5 Qxc2 20. Qg3 Qxb3 21. Bd3 Rc3 22. Bg5 Nxe4 23. Qxe5 Rxd3 24. Rb1 Qe6 25. Qxe6 fxe6 26. Bxe7 Re8 27. Bh4 Nd2 28. Rfd1 h6 29. Rb2 Nc4 30. Rxd3 Nxb2 31. Rd6 Nc4 32. Rd7 Ne3 33. h3 Nf5 34. Be1 Re7 35. Rd8+ Kf7 36. g4 Ne3 37. Kg1 Nd5 38. Bh4 Rb7 39. Bf2 g5 40. Bd4 Nf4 41. h4 Ne2+ 42. Kh2 Nxd4 43. Rxd4 gxh4 44. Kh3 Kf6 45. Kxh4 e5 46. Rd8 Re7 47. Rf8+ Ke6 48. Rh8 e4 49. Rxh6+ Kd5 50. Rh8 e3 51. Rd8+ Ke4 52. Rd1 e2 53. Re1 Kf3 54. Kh5 Kf2 55. Rh1 e1=Q 56. Rxe1 Rxe1 57. g5 Kf3 58. g6 Kf4 59. g7 Rg1 60. Kh6 Kf5 61. Kh7 Rh1+ 62. Kg8 Kf6 63. Kf8 Ra1 64. g8=Q Ra8# 0-1


[Site "https://www.chess.com"]

[Event "Titled Tuesday Blitz June 13 Late 2023"]
[White "Matsuura, Frederico"]
[Black "Remizov, Yaroslav"]
[WhiteFideId "2107848"]
[BlackFideId "34134015"]
[WhiteElo "2302"]
[BlackElo "2405"]
[Result "0-1"]
[Round "8"]
[TimeControl "180+2"]
[Date "2023.06.13"]
[WhiteClock "0:00:00"]
[BlackClock "0:00:37"]
[Board "72"]

1. d4 Nf6 2. Bg5 c5 3. Bxf6 gxf6 4. d5 Qb6 5. Qc1 Bg7 6. c3 f5 7. g3 d6 8. Bg2 Nd7 9. Nh3 e5 10. O-O Nf6 11. a4 Bd7 12. Qc2 O-O 13. Nd2 Rae8 14. Nc4 Qc7 15. Ne3 Qc8 16. Nc4 Qb8 17. f4 e4 18. Nf2 b5 19. axb5 Nxd5 20. Rfd1 Be6 21. g4 Nxc3 22. bxc3 Bxc4 23. gxf5 d5 24. Rac1 Qxf4 25. Rf1 Qe3 26. Kh1 Qxe2 27. Qa4 Be5 28. Rce1 Qh5 29. h3 Bxf1 30. Rxf1 Kh8 31. Ng4 Rg8 32. Kg1 Rxg4 33. hxg4 Qh2+ 34. Kf2 Bg3+ 0-1


[Site "https://www.chess.com"]

[Event "Titled Tuesday Blitz June 13 Late 2023"]
[White "Makridis, Dimitrios"]
[Black "Diaz Rosas, Julio Cesar"]
[WhiteFideId "25864475"]
[BlackFideId "5105099"]
[WhiteElo "2277"]
[BlackElo "2284"]
[Result "1-0"]
[Round "8"]
[TimeControl "180+2"]
[Date "2023.06.13"]
[WhiteClock "0:00:51"]
[BlackClock "0:00:00"]
[Board "73"]

1. e4 c5 2. Nc3 Nc6 3. Bb5 Nd4 4. Nf3 Nxb5 5. Nxb5 a6 6. Nc3 d6 7. d4 cxd4 8. Qxd4 e5 9. Qd3 Be7 10. h3 Be6 11. Be3 Rc8 12. O-O Bc4 13. Qd2 Bxf1 14. Rxf1 Nf6 15. Bg5 Rxc3 16. Qxc3 Nxe4 17. Bxe7 Nxc3 18. Bxd8 Ne2+ 19. Kh2 Kxd8 20. g3 Kd7 21. c3 e4 22. Nd2 f5 23. Re1 Nxg3 24. Kxg3 g5 25. f4 h6 26. h4 gxh4+ 27. Kxh4 Rg8 28. Kh3 Ke6 29. Nc4 Rg4 30. Rf1 b5 31. Ne3 Rg7 32. Kh2 Rb7 33. Rg1 b4 34. c4 b3 35. a3 Kf6 36. Nd5+ Kf7 37. Ne3 Kf6 38. Rd1 Ke6 39. Rd5 Rf7 40. Ra5 h5 41. Rxa6 Rc7 42. Rb6 h4 43. Rxb3 Rg7 44. Rb6 Rg3 45. Rxd6+ Kxd6 46. Nxf5+ Kc5 47. Nxg3 hxg3+ 48. Kxg3 Kd4 49. Kf2 Kd3 50. Ke1 1-0


[Site "https://www.chess.com"]

[Event "Titled Tuesday Blitz June 13 Late 2023"]
[White "Martins, Bruno Andre Leite"]
[Black "angelgab3"]
[WhiteFideId "1942255"]
[WhiteElo "2241"]
[BlackElo "2516"]
[Result "0-1"]
[Round "8"]
[TimeControl "180+2"]
[Date "2023.06.13"]
[WhiteClock "0:00:09"]
[BlackClock "0:00:16"]
[Board "74"]

1. e4 e5 2. Nf3 Nc6 3. Bb5 a6 4. Ba4 Nf6 5. O-O b5 6. Bb3 Bb7 7. Re1 Bc5 8. c3 d6 9. d4 Bb6 10. a4 Ne7 11. dxe5 Nxe4 12. Be3 Bxe3 13. Rxe3 O-O 14. Bc2 dxe5 15. Qxd8 Raxd8 16. Bxe4 Rd1+ 17. Ne1 Bxe4 18. Rxe4 Rfd8 19. Kf1 Ng6 20. axb5 axb5 21. g3 f5 22. Re2 h6 23. Rc2 e4 24. Ke2 f4 25. f3 e3 26. b3 Kh7 27. Rb2 h5 28. Ra5 c6 29. Ra6 R8d6 30. Na3 R6d2+ 31. Rxd2 Rxd2+ 32. Kf1 Rxh2 33. gxf4 Nxf4 34. Nac2 Rh1# 0-1


[Site "https://www.chess.com"]

[Event "Titled Tuesday Blitz June 13 Late 2023"]
[White "Peycheva, Gergana"]
[Black "Mendez Fortes, Eduardo Jesus"]
[WhiteFideId "2916711"]
[BlackFideId "3502376"]
[WhiteElo "2216"]
[BlackElo "2307"]
[Result "0-1"]
[Round "8"]
[TimeControl "180+2"]
[Date "2023.06.13"]
[WhiteClock "0:00:00"]
[BlackClock "0:00:26"]
[Board "75"]

1. d4 Nf6 2. c4 e6 3. Nc3 Bb4 4. Qc2 O-O 5. e4 d5 6. e5 Ne4 7. Bd3 c5 8. Nf3 cxd4 9. Nxd4 Nd7 10. Bf4 Qh4 11. g3 Qh5 12. O-O Bxc3 13. bxc3 Nxe5 14. Bxe4 dxe4 15. Qxe4 Nxc4 16. Nf3 Nb6 17. Rfd1 Nd5 18. Be5 Nb6 19. Bd6 Re8 20. c4 Bd7 21. c5 Bc6 22. g4 Bxe4 23. gxh5 Nc4 24. Nd2 Nxd6 25. cxd6 Bd5 26. h6 gxh6 27. Nb3 Rad8 28. Nc5 b6 29. Na6 Rxd6 30. Nc7 Red8 31. Nxd5 Rxd5 32. Rdc1 Rf5 33. Rc2 Rd3 34. Re1 Kg7 35. Re4 Rdd5 36. Ra4 Ra5 37. Rac4 Rac5 38. Rxc5 Rxc5 39. Rd2 Ra5 40. Kg2 Kf6 41. Kg3 Kf5 42. Rd7 f6 43. Rxh7 Rxa2 44. Rxh6 e5 45. Rh7 b5 46. h4 b4 47. Rb7 Ra3+ 48. Kg2 a5 49. Rg7 Rc3 50. h5 Rc8 51. Ra7 Rb8 52. Rxa5 b3 53. Ra1 b2 54. Rb1 Kg5 55. Kf3 Kxh5 56. Ke4 Rb4+ 57. Ke3 Kg5 58. f3 Kf5 59. Kd3 Kf4 60. Ke2 Rb8 61. Kf2 f5 62. Ke2 Rh8 63. Kd3 Rh2 64. Re1 Kxf3 0-1


[Site "https://www.chess.com"]

[Event "Titled Tuesday Blitz June 13 Late 2023"]
[White "Bartel, Michal"]
[Black "Seletsky, Grigory"]
[WhiteFideId "1119257"]
[BlackFideId "14112191"]
[WhiteElo "2282"]
[BlackElo "2491"]
[Result "1-0"]
[Round "8"]
[TimeControl "180+2"]
[Date "2023.06.13"]
[WhiteClock "0:00:21"]
[BlackClock "0:00:45"]
[Board "76"]

1. e4 e6 2. d4 d5 3. Nc3 Nc6 4. e5 Nge7 5. Nce2 Nf5 6. c3 f6 7. exf6 Qxf6 8. Nf3 Bd6 9. Ng3 O-O 10. Bd3 h6 11. Nxf5 exf5 12. O-O Bd7 13. Qb3 Ne7 14. Qxb7 Rfb8 15. Qa6 Rb6 16. Qa5 Nc6 17. Qxd5+ Be6 18. Qxe6+ Qxe6 19. Re1 Qf7 20. b3 Na5 21. Bd2 Re8 22. c4 Bb4 23. Bxb4 Rxe1+ 24. Bxe1 Kh8 25. Bxa5 Rd6 26. Bc3 Qf6 27. Rc1 Qe7 28. d5 Qf7 29. Ne5 Qh5 30. Re1 f4 31. f3 c5 32. Nc6 Rd7 33. Ne7 Qf7 34. Ng6+ Kg8 35. Ne5 Qe7 36. Nxd7 Qxd7 37. Be5 g5 38. d6 Kf7 39. Kf1 g4 40. Bxf4 gxf3 41. gxf3 Qh3+ 42. Kf2 Qh4+ 43. Bg3 Qd4+ 44. Ke2 Qxd3+ 45. Kxd3 1-0


[Site "https://www.chess.com"]

[Event "Titled Tuesday Blitz June 13 Late 2023"]
[White "Zaitsev, Alexander"]
[Black "Dobrowolski, Piotr"]
[WhiteFideId "4164490"]
[BlackFideId "1106236"]
[WhiteElo "2373"]
[BlackElo "2305"]
[Result "1-0"]
[Round "8"]
[TimeControl "180+2"]
[Date "2023.06.13"]
[WhiteClock "0:00:12"]
[BlackClock "0:00:44"]
[Board "77"]

1. e4 c5 2. Nf3 e6 3. g3 d5 4. exd5 exd5 5. d4 Bg4 6. Bg2 Nc6 7. O-O Nxd4 8. Qe1+ Ne6 9. Ne5 Bh5 10. c4 Nf6 11. cxd5 Nxd5 12. Nc3 Nb4 13. Bxb7 Rb8 14. Qe4 Qd4 15. Bc6+ Kd8 16. Nxf7+ Kc7 17. Qxe6 Bxf7 18. Qxf7+ Kxc6 19. Be3 Qf6 20. Qxa7 Bd6 21. Qa4+ Kb6 22. a3 Ra8 23. Qb5+ Kc7 24. axb4 Rhb8 25. Nd5+ Kd8 26. Qxb8+ 1-0


[Site "https://www.chess.com"]

[Event "Titled Tuesday Blitz June 13 Late 2023"]
[White "Kielinkei"]
[Black "Perez, Maximiliano"]
[BlackFideId "117234"]
[WhiteElo "2457"]
[BlackElo "2334"]
[Result "0-1"]
[Round "8"]
[TimeControl "180+2"]
[Date "2023.06.13"]
[WhiteClock "0:00:04"]
[BlackClock "0:00:34"]
[Board "78"]

1. d4 Nf6 2. Bg5 c5 3. d5 Qb6 4. Nc3 Qxb2 5. Bd2 Qb6 6. e4 d6 7. Rb1 Qd8 8. Nf3 g6 9. Bc4 Bg7 10. O-O O-O 11. a4 Nbd7 12. h3 Ne8 13. Qe2 Nc7 14. Rfe1 a6 15. a5 Ne5 16. Nxe5 Bxe5 17. Na4 Rb8 18. Nb6 Bd7 19. Qd3 Bb5 20. f4 Bd4+ 21. Kh2 Bxc4 22. Nxc4 Bg7 23. Bc3 Nb5 24. Bxg7 Kxg7 25. e5 dxe5 26. fxe5 Qd7 27. Rbd1 Rbd8 28. Nb6 Qf5 29. Qxf5 gxf5 30. Rf1 e6 31. c4 Nd4 32. Rf4 f6 33. exf6+ Kxf6 34. Rb1 e5 35. Rf2 e4 36. Na4 e3 37. Rfb2 Rfe8 38. Nxc5 e2 39. Re1 Re3 40. Rxb7 f4 41. Rb2 f3 42. Kg1 fxg2 43. Kxg2 Rg8+ 44. Kh2 Nf3+ 45. Kh1 Nxe1 46. Nd7+ Ke7 47. Rb7 0-1


[Site "https://www.chess.com"]